| TOP OF THE 1ST |
|
San Francisco Giants batting - Pitching for New York Yankees : RHP Luis Severino
|
|
Pitching: RHP Luis Severino
|
|
|
Batting: RHB José González
|
0-0: Ball 1-0: Swinging Strike 1-1: Ball 2-1: Foul Ball, location: 2F 2-2: Foul Ball, location: 9LSF 2-2: Strikes out swinging
|
|
Batting: LHB Bradley Zimmer
|
0-0: Swinging Strike 0-1: Foul Ball, location: 23F 0-2: Foul Ball, location: 23FF 0-2: Foul Ball, location: 2F 0-2: Foul Ball, location: 3F 0-2: Ball 1-2: Ball 2-2: Ball 3-2: Fly out, F7 (Flyball, 78D, EV 106.9 MPH)
|
|
Batting: LHB Dominic Smith
|
0-0: Ball 1-0: Ball 2-0: Ball 3-0: Called Strike 3-1: Swinging Strike 3-2: Strikes out looking
|
| Top of the 1st over - 0 runs, 0 hits, 0 errors, 0 left on base; San Francisco 0 - New York 0 |
| BOTTOM OF THE 1ST |
|
New York Yankees batting - Pitching for San Francisco Giants : RHP Don Labonte
|
|
Pitching: RHP Don Labonte
|
|
|
Batting: RHB Tyrone Taylor
|
0-0: Called Strike 0-1: Swinging Strike 0-2: Ball 1-2: Foul Ball, location: 9LMF 1-2: SINGLE (Line Drive, 9LS, EV 107.5 MPH)
|
|
Batting: LHB Luis Torrealba
|
0-0: Ball 1-0: Called Strike Tyrone Taylor steals 2nd base (no throw) 1-1: Ball 2-1: Ball 3-1: Bunt - Flyout to 3S! F3
|
|
Batting: SHB Jonah Heim
|
0-0: Ball 1-0: Foul Ball, location: 3DF 1-1: Ball 2-1: Called Strike 2-2: Foul Ball, location: 25FF 2-2: Ball 3-2: Ground out 5-3 (Groundball, 56, EV 87.5 MPH) Tyrone Taylor to third
|
|
Batting: RHB Li-Jen Chu
|
0-0: Called Strike 0-1: Ball 1-1: Ball 2-1: Foul Ball, location: 2F 2-2: Ground out 6-3 (Groundball, 6, EV 86.9 MPH)
|
| Bottom of the 1st over - 0 runs, 1 hit, 0 errors, 1 left on base; San Francisco 0 - New York 0 |
| TOP OF THE 2ND |
|
San Francisco Giants batting - Pitching for New York Yankees : RHP Luis Severino
|
|
Batting: LHB Raimel Tapia
|
0-0: Ball 1-0: Foul Ball, location: 23F 1-1: Ball 2-1: Foul Ball, location: 7LSF 2-2: Strikes out swinging
|
|
Batting: RHB Nolan Arenado
|
0-0: SINGLE (Groundball, 6D, EV 98.1 MPH)
|
|
Batting: RHB Franly Mallen
|
0-0: Ball 1-0: Ball 2-0: DOUBLE (Flyball, 7LD, EV 100.6 MPH) Nolan Arenado to third Runner from 3rd tries for Home, SAFE, no throw by LF
|
|
Batting: LHB Grabiel Jimenez
|
0-0: Called Strike 0-1: Foul Ball, location: 5SF 0-2: Ball 1-2: Ball 2-2: Ball 3-2: Foul Ball, location: 7LSF 3-2: Strikes out swinging
|
|
Batting: RHB Avisail Garcia
|
0-0: SINGLE (Groundball, 6MD, EV 98.1 MPH) Franly Mallen to third Runner from 3rd tries for Home, SAFE, throw by CF to home
|
|
Batting: RHB Benny Brown
|
0-0: Ball 1-0: Called Strike 1-1: Fielders Choice at 2nd, U6 (Groundball, 6M, EV 108.1 MPH)
|
| Top of the 2nd over - 2 runs, 3 hits, 0 errors, 1 left on base; San Francisco 2 - New York 0 |
| BOTTOM OF THE 2ND |
|
New York Yankees batting - Pitching for San Francisco Giants : RHP Don Labonte
|
|
Batting: RHB Israel Ávila
|
0-0: Ball 1-0: Foul Ball, location: 5FF 1-1: Ball 2-1: DOUBLE (Line Drive, 9LM, EV 111.3 MPH)
|
|
Batting: LHB Juan García
|
0-0: Ball 1-0: Ball 2-0: Ball 3-0: Called Strike 3-1: Fly out, F6 (Line Drive, 6, EV 76.3 MPH) Lined into DP, 6-4 (Line Drive, 6, EV 76.3 MPH)
|
|
Batting: RHB David Carrasco
|
0-0: Ball 1-0: Called Strike 1-1: Ball 2-1: Fly out, F7 (Flyball, 78M, EV 86.3 MPH)
|
| Bottom of the 2nd over - 0 runs, 1 hit, 0 errors, 0 left on base; San Francisco 2 - New York 0 |
| TOP OF THE 3RD |
|
San Francisco Giants batting - Pitching for New York Yankees : RHP Luis Severino
|
|
Batting: RHB José González
|
0-0: Foul Ball, location: 2F 0-1: Hit by Pitch
|
|
Batting: LHB Bradley Zimmer
|
0-0: Ball 1-0: Foul Ball, location: 9LSF 1-1: Foul Ball, location: 2F 1-2: Ball 2-2: Fielders Choice at 2nd, U6 (Groundball, 4MS, EV 92.5 MPH)
|
|
Batting: LHB Dominic Smith
|
0-0: Ball 1-0: SINGLE (Line Drive, 89S, EV 93.8 MPH) Bradley Zimmer to second Runner from 2nd tries for 3rd, SAFE, throw by CF made to third
|
|
Batting: LHB Raimel Tapia
|
0-0: Ball 1-0: Called Strike 1-1: SINGLE (Line Drive, 78S, EV 96.9 MPH) Bradley Zimmer scores Dominic Smith to second Runner from 2nd tries for 3rd, SAFE, throw by LF made to third
|
|
Batting: RHB Nolan Arenado
|
0-0: Swinging Strike 0-1: Ball 1-1: Foul Ball, location: 2F 1-2: Foul Ball, location: 2F 1-2: Grounds into double play, 5-4-3 (Groundball, 56, EV 88.8 MPH)
|
| Top of the 3rd over - 1 run, 2 hits, 0 errors, 1 left on base; San Francisco 3 - New York 0 |
| BOTTOM OF THE 3RD |
|
New York Yankees batting - Pitching for San Francisco Giants : RHP Don Labonte
|
|
Batting: RHB Willy Adames
|
0-0: Ball 1-0: Foul Ball, location: 2F 1-1: Ball 2-1: Swinging Strike 2-2: Foul Ball, location: 5F 2-2: Ball 3-2: Strikes out swinging
|
|
Batting: RHB Oscar Price
|
0-0: Ball 1-0: Ball 2-0: Called Strike 2-1: Fly out, F6 (Popup, 6MD, EV 45.0 MPH)
|
|
Batting: RHB Tyrone Taylor
|
0-0: Called Strike 0-1: Ball 1-1: Ball 2-1: Foul Ball, location: 3DF 2-2: Ball 3-2: Base on Balls
|
|
Batting: LHB Luis Torrealba
|
0-0: Ball Tyrone Taylor steals 2nd base (no throw) 1-0: Swinging Strike 1-1: Ball 2-1: Swinging Strike 2-2: Ball 3-2: Foul Ball, location: 5F 3-2: Strikes out swinging
|
| Bottom of the 3rd over - 0 runs, 0 hits, 0 errors, 1 left on base; San Francisco 3 - New York 0 |
| TOP OF THE 4TH |
|
San Francisco Giants batting - Pitching for New York Yankees : RHP Luis Severino
|
|
Batting: RHB Franly Mallen
|
0-0: Ball 1-0: Called Strike 1-1: Swinging Strike 1-2: Ground out 4-3 (Groundball, 4, EV 76.9 MPH)
|
|
Batting: LHB Grabiel Jimenez
|
0-0: Called Strike 0-1: Called Strike 0-2: Ball 1-2: Foul Ball, location: 25F 1-2: Ball 2-2: Ball 3-2: Strikes out looking
|
|
Batting: RHB Avisail Garcia
|
0-0: Foul Ball, location: 7LSF 0-1: Foul Ball, location: 5DF 0-2: Ball 1-2: Ball 2-2: DOUBLE (Line Drive, 78D, EV 108.8 MPH)
|
|
Batting: RHB Benny Brown
|
0-0: Ball 1-0: Called Strike 1-1: Ball 2-1: Swinging Strike 2-2: Ball 3-2: Strikes out swinging
|
| Top of the 4th over - 0 runs, 1 hit, 0 errors, 1 left on base; San Francisco 3 - New York 0 |
| BOTTOM OF THE 4TH |
|
New York Yankees batting - Pitching for San Francisco Giants : RHP Don Labonte
|
|
Batting: SHB Jonah Heim
|
0-0: Called Strike 0-1: Ball 1-1: Foul Ball, location: 7LDF 1-2: Ball 2-2: Foul Ball, location: 2F 2-2: Ground out 5-3 (Groundball, 56, EV 83.8 MPH)
|
|
Batting: RHB Li-Jen Chu
|
0-0: Ball 1-0: Called Strike 1-1: SOLO HOME RUN (Flyball, 89XD, EV 103.8 MPH), Distance : 410 ft
|
|
Batting: RHB Israel Ávila
|
0-0: Ball 1-0: Called Strike 1-1: Ground out 4-3 (Groundball, 4D, EV 106.9 MPH)
|
|
Batting: LHB Juan García
|
0-0: Ground out 5-3 (Groundball, 56S, EV 68.1 MPH)
|
| Bottom of the 4th over - 1 run, 1 hit, 0 errors, 0 left on base; San Francisco 3 - New York 1 |
| TOP OF THE 5TH |
|
San Francisco Giants batting - Pitching for New York Yankees : RHP Luis Severino
|
|
Batting: RHB José González
|
0-0: Foul Ball, location: 5FF 0-1: Ground out U3 (Groundball, 3L, EV 85.6 MPH)
|
|
Batting: LHB Bradley Zimmer
|
0-0: Fly out, F9 (Flyball, 9D, EV 86.9 MPH)
|
|
Batting: LHB Dominic Smith
|
0-0: Called Strike 0-1: Ground out 4-3 (Groundball, 4, EV 85.6 MPH)
|
| Top of the 5th over - 0 runs, 0 hits, 0 errors, 0 left on base; San Francisco 3 - New York 1 |
| BOTTOM OF THE 5TH |
|
New York Yankees batting - Pitching for San Francisco Giants : RHP Don Labonte
|
|
Batting: RHB David Carrasco
|
0-0: Ball 1-0: Ground out 6-3 (Groundball, 6, EV 79.4 MPH)
|
|
Batting: RHB Willy Adames
|
0-0: Foul Ball, location: 9LSF 0-1: Ball 1-1: Ball 2-1: Ball 3-1: SINGLE (Groundball, 6MD, EV 97.5 MPH)
|
|
Batting: RHB Oscar Price
|
0-0: Ball 1-0: Ball 2-0: Called Strike 2-1: Called Strike 2-2: Foul Ball, location: 2F 2-2: Ball 3-2: SINGLE (Line Drive, 9LS, EV 106.3 MPH) Willy Adames to second Willy Adames to third
|
|
Batting: RHB Tyrone Taylor
|
0-0: Swinging Strike 0-1: Called Strike 0-2: Strikes out looking
|
|
Batting: LHB Luis Torrealba
|
0-0: Called Strike 0-1: Foul Ball, location: 2F 0-2: Ball 1-2: Ball 2-2: Strikes out swinging
|
| Bottom of the 5th over - 0 runs, 2 hits, 0 errors, 2 left on base; San Francisco 3 - New York 1 |
| TOP OF THE 6TH |
|
San Francisco Giants batting - Pitching for New York Yankees : RHP Luis Severino
|
|
Batting: LHB Raimel Tapia
|
0-0: Called Strike 0-1: Fly out, F8 (Line Drive, 8LM, EV 97.5 MPH)
|
|
Batting: RHB Nolan Arenado
|
0-0: DOUBLE (Line Drive, 7LS, EV 103.1 MPH)
|
|
Batting: RHB Franly Mallen
|
0-0: Foul Ball, location: 2F 0-1: Foul Ball, location: 2F 0-2: Fly out, F8 (Flyball, 8LM, EV 93.8 MPH)
|
|
Batting: LHB Grabiel Jimenez
|
0-0: Intentional Walk
|
|
Pitching: RHP R.J. Alvarez
|
|
|
Batting: RHB Avisail Garcia
|
0-0: Foul Ball, location: 7LDF 0-1: Ground out 5-3 (Groundball, 56S, EV 71.9 MPH)
|
| Top of the 6th over - 0 runs, 1 hit, 0 errors, 2 left on base; San Francisco 3 - New York 1 |
| BOTTOM OF THE 6TH |
|
New York Yankees batting - Pitching for San Francisco Giants : RHP Don Labonte
|
|
Batting: SHB Jonah Heim
|
0-0: Called Strike 0-1: Called Strike 0-2: Ball 1-2: Foul Ball, location: 2F 1-2: Ball 2-2: Foul Ball, location: 2F 2-2: SINGLE (Line Drive, 56D, EV 98.8 MPH)
|
|
Batting: RHB Li-Jen Chu
|
0-0: Ball 1-0: Foul Ball, location: 9LSF 1-1: Foul Ball, location: 5F 1-2: Strikes out swinging
|
|
Batting: RHB Israel Ávila
|
0-0: Ball 1-0: Ball 2-0: Called Strike 2-1: Ball 3-1: Called Strike 3-2: Fly out, F9 (Flyball, 9LM, EV 105.0 MPH)
|
|
Pitching: RHP Jake Snow
|
|
|
Batting: LHB Juan García
|
0-0: Ball 1-0: Ball 2-0: Ball 3-0: Base on Balls Jonah Heim to second
|
|
Batting: RHB David Carrasco
|
0-0: Fielders Choice at 2nd, 5-4 (Groundball, 56, EV 104.4 MPH)
|
| Bottom of the 6th over - 0 runs, 1 hit, 0 errors, 2 left on base; San Francisco 3 - New York 1 |
| TOP OF THE 7TH |
|
San Francisco Giants batting - Pitching for New York Yankees : RHP R.J. Alvarez
|
|
Batting: RHB Benny Brown
|
0-0: Fly out, F9 (Flyball, 9D, EV 104.4 MPH)
|
|
Batting: RHB José González
|
0-0: Ground out 6-3 (Groundball, 56D, EV 99.4 MPH)
|
|
Batting: LHB Bradley Zimmer
|
0-0: Called Strike 0-1: Foul Ball, location: 7LDF 0-2: Ball 1-2: SINGLE (Line Drive, 8RS, EV 105.0 MPH)
|
|
Batting: LHB Dominic Smith
|
0-0: Ball 1-0: Foul Ball, location: 9LSF 1-1: Ball 2-1: SINGLE (Groundball, 34D, EV 95.6 MPH) Bradley Zimmer to second Runner from 2nd tries for 3rd, SAFE, throw by RF made to third Dominic Smith to second
|
|
Batting: LHB Raimel Tapia
|
0-0: Intentional Walk
|
|
Batting: RHB Nolan Arenado
|
0-0: Ball 1-0: Ball 2-0: Ball 3-0: Called Strike 3-1: Called Strike 3-2: Ground out 6-3 (Groundball, 6, EV 102.5 MPH)
|
| Top of the 7th over - 0 runs, 2 hits, 0 errors, 3 left on base; San Francisco 3 - New York 1 |
| BOTTOM OF THE 7TH |
|
New York Yankees batting - Pitching for San Francisco Giants : RHP Jake Snow
|
|
Pitching: RHP Juan Sánchez
|
|
|
Now in LF: Raimel Tapia
|
|
|
Now in RF: Leo Marrero
|
|
|
Pinch Hitting: LHB Cody Bellinger
|
0-0: Called Strike 0-1: Swinging Strike 0-2: Foul Ball, location: 7LDF 0-2: Foul Ball, location: 9LSFF 0-2: Ball 1-2: Foul Ball, location: 25FF 1-2: Strikes out swinging, 2-3 out at first.
|
|
Batting: RHB Oscar Price
|
0-0: Ball 1-0: Ball 2-0: Fly out, F8 (Flyball, 8LD, EV 98.8 MPH)
|
|
Batting: RHB Tyrone Taylor
|
0-0: Ball 1-0: Ball 2-0: Ball 3-0: Base on Balls
|
|
Batting: LHB Luis Torrealba
|
0-0: Called Strike 0-1: Ball Tyrone Taylor steals 2nd base 1-1: Ball 2-1: Swinging Strike 2-2: Foul Ball, location: 2F 2-2: Strikes out swinging
|
| Bottom of the 7th over - 0 runs, 0 hits, 0 errors, 1 left on base; San Francisco 3 - New York 1 |
| TOP OF THE 8TH |
|
San Francisco Giants batting - Pitching for New York Yankees : RHP R.J. Alvarez
|
|
Pitching: RHP Jake Barrett
|
|
|
Now at 2B: José Ruíz
|
|
|
Batting: RHB Franly Mallen
|
0-0: Swinging Strike 0-1: Swinging Strike 0-2: Ball 1-2: Strikes out looking
|
|
Batting: RHB Leo Marrero
|
0-0: DOUBLE (Line Drive, 9LS, EV 99.4 MPH)
|
|
Batting: RHB Avisail Garcia
|
0-0: Ball 1-0: Foul Ball, location: 2F 1-1: Reached on error, E6 (Groundball, 6, EV 85.6 MPH) Leo Marrero to third
|
|
Batting: RHB Benny Brown
|
0-0: Ball 1-0: SINGLE (Groundball, 34D, EV 102.5 MPH) Leo Marrero scores Avisail Garcia to third Runner from 3rd tries for Home, throw by RF and OUT! 9-2
|
|
Batting: RHB José González
|
0-0: Ball 1-0: Fly out, F8 (Flyball, 8LS, EV 90.0 MPH)
|
| Top of the 8th over - 1 run, 2 hits, 1 error, 1 left on base; San Francisco 4 - New York 1 |
| BOTTOM OF THE 8TH |
|
New York Yankees batting - Pitching for San Francisco Giants : RHP Juan Sánchez
|
|
Pitching: LHP Chet Greene
|
|
|
Now at SS: Héctor Rodríguez
|
|
|
Batting: SHB Jonah Heim
|
0-0: Swinging Strike 0-1: Ball 1-1: Ball 2-1: Ball 3-1: Base on Balls
|
|
Batting: RHB Li-Jen Chu
|
0-0: Called Strike 0-1: Fly out, F8 (Flyball, 8LD, EV 93.8 MPH)
|
|
Batting: RHB Israel Ávila
|
0-0: Foul Ball, location: 2F 0-1: Foul Ball, location: 23FF 0-2: Strikes out swinging
|
|
Pinch Hitting: RHB Joe Wallace
|
0-0: Ball 1-0: Called Strike 1-1: Ground out 6-3 (Groundball, 6S, EV 91.3 MPH)
|
| Bottom of the 8th over - 0 runs, 0 hits, 0 errors, 1 left on base; San Francisco 4 - New York 1 |
| TOP OF THE 9TH |
|
San Francisco Giants batting - Pitching for New York Yankees : RHP Jake Barrett
|
|
Pitching: RHP Walt Reilly
|
|
|
Now in RF: Joe Wallace
|
|
|
Batting: LHB Bradley Zimmer
|
0-0: Ball 1-0: Called Strike 1-1: Swinging Strike 1-2: Foul Ball, location: 3DF 1-2: Strikes out looking
|
|
Batting: LHB Dominic Smith
|
0-0: Called Strike 0-1: Ball 1-1: Ball 2-1: Foul Ball, location: 3F 2-2: Ball 3-2: Base on Balls
|
|
Batting: LHB Raimel Tapia
|
Pickoff Play to 1st, Runner tries for 2nd, OUT after rundown. 0-0: SOLO HOME RUN (Flyball, 89XD, EV 100.6 MPH), Distance : 403 ft
|
|
Batting: RHB Nolan Arenado
|
0-0: Swinging Strike 0-1: Ball 1-1: Foul Ball, location: 7LSF 1-2: Ball 2-2: Ball 3-2: Strikes out swinging
|
| Top of the 9th over - 1 run, 1 hit, 0 errors, 0 left on base; San Francisco 5 - New York 1 |
| BOTTOM OF THE 9TH |
|
New York Yankees batting - Pitching for San Francisco Giants : LHP Chet Greene
|
|
Batting: RHB David Carrasco
|
0-0: Called Strike 0-1: Ball 1-1: Ground out 5-3 (Groundball, 5, EV 85.6 MPH)
|
|
Pinch Hitting: RHB Max Pentecost
|
0-0: Foul Ball, location: 9LMF 0-1: Swinging Strike 0-2: Ball 1-2: Foul Ball, location: 2RF 1-2: Strikes out looking
|
|
Batting: RHB Oscar Price
|
0-0: Ball 1-0: Ball 2-0: Swinging Strike 2-1: Foul Ball, location: 5FF 2-2: Foul Ball, location: 2F 2-2: Foul Ball, location: 2F 2-2: Strikes out swinging
|
| Bottom of the 9th over - 0 runs, 0 hits, 0 errors, 0 left on base; San Francisco 5 - New York 1 |
|